 Dungeon Crawl Stone Soup version 0.30-a0-272-gf98c3da03f (webtiles) character file.

Game seed: 15292712453378130452

372 qw the Chopper (level 6, -1/39 HPs)
             Began as a Gargoyle Fighter on Oct 14, 2022.
             Slain by Pikel
             ... wielding a +1 whip of freezing
              (6 damage)
             ... on level 4 of the Dungeon on Oct 15, 2022.
             The game lasted 00:04:45 (3002 turns).

qw the Chopper (Gargoyle Fighter)                   Turns: 3002, Time: 00:04:46

Health: -1/39      AC: 12    Str: 21    XL:     6   Next: 71%
Magic:  6/6        EV:  9    Int:  9    God:
Gold:   151        SH:  4    Dex:  9    Spells: 5/5 levels left

rFire   . . .      SeeInvis .    h - +0 war axe (vamp)
rCold   . . .      Faith    .    c - +0 buckler
rNeg    + . .      Spirit   .    b - +0 scale mail
rPois   inf        Reflect  .    g - +0 helmet
rElec   +          Harm     .    (no cloak)
rCorr   .          Rampage  .    (no gloves)
Will    .....                    (no boots)
Stlth   ..........               (no amulet)
HPRegen 0.26/turn                (no ring)
MPRegen 0.10/turn                (no ring)

@: about to teleport
A: sickness immunity, AC +4, negative energy resistance 1, electricity
resistance, torment resistance 1, petrification resistance
a: no special abilities


You were on level 4 of the Dungeon.
You visited 1 branch of the dungeon, and saw 4 of its levels.

You collected 179 gold pieces.
You spent 28 gold pieces at shops.


Innate Abilities, Weirdness & Mutations

You are immune to sickness and miasma.
Your stone body is resilient. (AC +4)
You are immune to poison.
You resist negative energy. (rN+)
You are resistant to electric shocks. (rElec)
You are resistant to unholy torment.
You are immune to petrification.


   Skills:
 - Level 4.6 Fighting
 + Level 5.1 Axes
 - Level 3.2 Armour
 - Level 1.7 Dodging
 - Level 3.2 Shields


You had 5 spell levels left.
You didn't know any spells.
Your spell library was empty.

Inventory:

Hand Weapons
 h - a +0 vampiric war axe (weapon)
 j - a +1 flail of protection
Armour
 b - a +0 scale mail (worn)
 c - a +0 buckler (worn)
 g - a +0 helmet (worn)
Scrolls
 a - 2 scrolls of teleportation
 f - a scroll of butterflies {unknown}
 i - a scroll of identify
Potions
 d - 3 potions of might
 e - a potion of mutation {unknown}
 l - 2 potions of lignification
 m - a potion of ambrosia {unknown}

Dungeon Overview and Level Annotations

Branches:
Dungeon (4/15)
 Temple: D:4-7

Altars:
Dithmenos

Shops:
D:2 ?   D:3 =(

Annotations:
D:3 1 runed translucent door, Crazy Yiuf
D:4 Pikel


Message History

There is a large open door, spattered with blood here.
You open the door.
There is an open door here.
You open the door. 3 lemures come into view.
The lemure shouts!
You hear a shout!
A lemure comes into view.
The lemure moves out of view.
The lemure shouts!
Found 15 gold pieces.
Pikel, Merchant of Souls comes into view.
He is wielding a +1 whip of freezing.
You hit the lemure but do no damage. The lemure hits you but does no damage.
You completely miss the lemure. The lemure hits you. x2
You hit the lemure but do no damage. You miss Pikel. You closely miss Pikel.
Pikel hits you with a +1 whip of freezing!
Pikel freezes you.
Pikel hits you with a +1 whip of freezing.
Pikel freezes you.
You hit Pikel.
You feel better.
Pikel is lightly wounded.
Pikel hits you with a +1 whip of freezing.
Pikel freezes you.
You closely miss Pikel.
Pikel is lightly wounded.
Pikel hits you with a +1 whip of freezing.
Pikel freezes you.
3001 ||| READING 3 scrolls of teleportation.
As you read the scroll of teleportation, it crumbles to dust.
You feel strangely unstable. Pikel barely misses you.
You hit Pikel.
Pikel is lightly wounded.
Pikel hits you with a +1 whip of freezing.
Pikel freezes you.
Pikel hits you with a +1 whip of freezing.
You die... #~ ~##.....# #.#.# #....# ~~~##......##......# #....# ~~##...[...##......# ##...# ~##........#+......# #.#####...# #.....^...# ......# #.........# ########''# ..5$. #######.#.# #.#....# 555

#..%...# #.#..### #K# #.#
#.##.### #.#.## #@# #.#
#.##.# #.#.#### #.# #.#
#.##.# #......#####.####.#
#.##.# #......'........#.#
#.##.# #......#####.##.#.#
##....# #......#
#....#.###..####
#.#############........#
###........%......#..###.#
#..........######.#......#


You could see Pikel and 4 lemures.

Vanquished Creatures
  An ogre (D:4)
  A phantom (D:4)
  Terence (D:2)
  Robin (D:2)
  5 adders
  A gnoll (D:4)
  6 dart slugs
  3 orcs (D:3)
  6 endoplasms
  8 giant cockroaches
  20 goblins
  10 hobgoblins
  8 jackals
  3 quokkas
  8 ball pythons
  10 bats
  2 frilled lizards
  2 kobolds
  5 rats
101 creatures vanquished.

Notes
Turn   | Place    | Note
-------+----------+-------------------------------------------
     0 | D:1      | qw the Gargoyle Fighter began the quest for the Orb.
     0 | D:1      | Reached XP level 1. HP: 14/14 MP: 1/1
     0 | D:1      | 0 ||| qw: Version: 0.2-a-17-g06abaee
     0 | D:1      | 0 ||| qw: Game counter: 2
     0 | D:1      | 0 ||| qw: Always use a shield: true
     0 | D:1      | 0 ||| qw: God list: Okawaru
     0 | D:1      | 0 ||| qw: Allow faded altars: false
     0 | D:1      | 0 ||| qw: Do Orc after D:15 true
     0 | D:1      | 0 ||| qw: Do second Lair branch before Depths: true
     0 | D:1      | 0 ||| qw: Lair rune preference: random
     0 | D:1      | 0 ||| qw: Plans: Normal, Zot:1-4, God:TSO, Crypt, Tomb,
                  | Pan, Slime:5, Hells, Abyss, Orb
     0 | D:1      | 0 ||| PLANNING D:1-11
    29 | D:1      | 29 ||| Stepping ~*~*~tactically~*~*~ (stealth).
    36 | D:1      | 36 ||| Stepping ~*~*~tactically~*~*~ (stealth).
    43 | D:1      | Reached skill level 2 in Axes
   102 | D:1      | Reached XP level 2. HP: 19/19 MP: 2/2
   239 | D:1      | 239 ||| Stepping ~*~*~tactically~*~*~ (hiding).
   351 | D:1      | 351 ||| Stepping ~*~*~tactically~*~*~ (stealth).
   355 | D:1      | Reached skill level 3 in Axes
   377 | D:1      | 377 ||| DROPPING +0 club.
   390 | D:1      | Reached XP level 3. HP: 18/23 MP: 3/3
   794 | D:1      | 794 ||| READING 3 scrolls labelled WOFIUK NONKAU.
   797 | D:1      | 797 ||| READING 2 scrolls labelled BOFIUT NOCAT.
   814 | D:1      | 814 ||| READING scroll labelled SAUFAER CUPLO.
   815 | D:1      | 815 ||| READING scroll labelled KORUBEMEYM.
   816 | D:1      | 816 ||| READING scroll labelled XEIFOMMADGHA.
   817 | D:1      | 817 ||| READING scroll labelled GEJ ERHAFFYST.
   818 | D:1      | 818 ||| DROPPING scroll of torment.
   837 | D:2      | 837 ||| STAIRDANCE
   840 | D:1      | Upgraded the game from 0.30-a0-269-gf0224bf7b6 to
                  | 0.30-a0-272-gf98c3da03f
   841 | D:1      | 841 ||| PLANNING D:1-11
   841 | D:1      | 841 ||| PLANNING D:1-11
   841 | D:1      | 841 ||| PLANNING D:1-11
   841 | D:1      | 841 ||| PLANNING D:1-11
   841 | D:1      | 841 ||| PLANNING D:1-11
   860 | D:2      | 860 ||| PLANNING D:1-11
   867 | D:2      | Reached XP level 4. HP: 28/28 MP: 4/4
   893 | D:2      | 893 ||| Stepping ~*~*~tactically~*~*~ (stealth).
   919 | D:2      | Reached skill level 4 in Axes
  1000 | D:2      | 1000 ||| Stepping ~*~*~tactically~*~*~ (hiding).
  1137 | D:2      | 1137 ||| Stepping ~*~*~tactically~*~*~ (hiding).
  1225 | D:2      | 1225 ||| Stepping ~*~*~tactically~*~*~ (stealth).
  1330 | D:2      | Noticed Robin
  1344 | D:2      | Killed Robin
  1368 | D:2      | Found Obbyawn's Magic Scroll Shoppe.
  1376 | D:2      | 1376 ||| BUYING scroll of identify (28 gold).
  1376 | D:2      | Bought a scroll of identify for 28 gold pieces
  1376 | D:2      | 1376 ||| SHOPLISTING scroll of identify (28 gold, have 25).
  1376 | D:2      | 1376 ||| SHOPLISTING scroll of teleportation (42 gold, have
                  | 25).
  1381 | D:2      | Noticed Terence
  1396 | D:2      | Killed Terence
  1397 | D:2      | Reached XP level 5. HP: 19/32 MP: 5/5
  1448 | D:2      | 1448 ||| DROPPING +0 mace.
  1734 | D:2      | 1734 ||| UPGRADING to +0 helmet.
  1739 | D:2      | 1739 ||| READING scroll labelled JIAHESKU NOE.
  1740 | D:2      | 1740 ||| READING scroll labelled WUILEPHEIRI.
  1741 | D:2      | 1741 ||| READING scroll labelled RUNEOBRAGRUO.
  1742 | D:2      | 1742 ||| READING scroll labelled JOSHREY ONAPNU.
  1743 | D:2      | 1743 ||| READING scroll labelled JIEKHU ESKEOGH.
  1744 | D:2      | 1744 ||| DRINKING 2 amethyst potions.
  1745 | D:2      | 1745 ||| READING 2 scrolls of identify.
  1745 | D:2      | 1745 ||| IDENTIFYING murky ruby potion
  1746 | D:2      | 1746 ||| DROPPING potion of flight.
  1806 | D:3      | Found Setiel's Antique Weapon Boutique.
  1975 | D:3      | Reached skill level 5 in Axes
  2019 | D:3      | Found a shadowy altar of Dithmenos.
  2053 | D:3      | Found a runed translucent door.
  2054 | D:3      | Noticed Crazy Yiuf
  2083 | D:3      | 2083 ||| Stepping ~*~*~tactically~*~*~ (hiding).
  2212 | D:3      | Found Uducoseg's Jewellery Emporium.
  2226 | D:3      | 2226 ||| SHOPLISTING +6 ring of dexterity (360 gold, have
                  | 80).
  2226 | D:3      | 2226 ||| SHOPLISTING amulet of guardian spirit (300 gold,
                  | have 80).
  2226 | D:3      | 2226 ||| SHOPLISTING amulet of reflection (300 gold, have
                  | 80).
  2226 | D:3      | 2226 ||| SHOPLISTING ring of Noxzoang {Fire Str+4} (404
                  | gold, have 80).
  2226 | D:3      | 2226 ||| SHOPLISTING ring of protection from cold (250
                  | gold, have 80).
  2496 | D:2      | 2496 ||| PLANNING D:1-11
  2587 | D:4      | Noticed an ogre
  2592 | D:4      | Killed an ogre
  2593 | D:4      | Reached XP level 6. HP: 39/39 MP: 6/6
  2649 | D:4      | 2649 ||| Stepping ~*~*~tactically~*~*~ (hiding).
  2862 | D:4      | Reached skill level 1 in Dodging
  2928 | D:4      | 2928 ||| SWAPPING to +0 vampiric war axe.
  2929 | D:4      | 2929 ||| DROPPING +1 war axe of venom.
  2992 | D:4      | Noticed Pikel
  3000 | D:4      | HP: 9/39 [Pikel/+1 whip of freezing (2)]
  3001 | D:4      | 3001 ||| READING 3 scrolls of teleportation.
  3002 | D:4      | Slain by Pikel

Levels and vault maps discovered:
D:1:      nzn_arrival_crosshair, layout_rooms
D:2:      layout_basic, serial_shops, shop, minivault_11, uniq_terence,
          uniq_robin
D:3:      layout_rooms, grunt_dithmenos_smoke, serial_shops, shop,
          nicolae_shop_hallway_plus, st_stairs_4,
          corexii_item_surrounded_by_moat, uniq_crazy_yiuf_cottage
D:4:      layout_basic, kennysheep_opposing_triangles, uniq_pikel

Skill      XL: |  1  2  3  4  5  6 |
---------------+-------------------+-----
Axes           | 2 3 4 5 |  5.1
Fighting       | 4 |  4.6
Dodging        | 1 |  1.7
Armour         | |  3.2
Shields        | |  3.2

Action                   |  1- 3 |  4- 6 || total
-------------------------+-------+-------++-------
Melee: War axe           |   106 |   180 ||   286
  Use: Scroll            |     6 |     7 ||    13
       Potion            |       |     1 ||     1
Armor: Scale mail        |    59 |    80 ||   139
Dodge: Dodged            |    57 |    70 ||   127
Block: Buckler           |    18 |    30 ||    48

Table legend:
 A = Non-vault XP
 B = Vault XP
 C = Vault XP percentage of total XP
 D = Non-vault monster count
 E = Vault monster count
 F = Vault count percentage of total count
                 A         B        C        D         E       F
            +---------+---------+-------+---------+---------+-------
      Total |     415 |     117 |  22.0 |      83 |      18 |  17.8
            +---------+---------+-------+---------+---------+-------
        D:1 |      67 |       0 |   0.0 |      36 |       0 |   0.0
        D:2 |      68 |      70 |  50.7 |      23 |      12 |  34.3
        D:3 |      31 |       3 |   8.8 |      16 |       2 |  11.1
        D:4 |     249 |      44 |  15.0 |       8 |       4 |  33.3
            +---------+---------+-------+---------+---------+-------
